[Event "ICC Open 2015"]
[Site "Internet Chess Club"]
[Date "2015.05.29"]
[Round "5"]
[White "spartan62"]
[Black "Schack"]
[Result "0-1"]
[ICCResult "White forfeits on time"]
[WhiteElo "1295"]
[BlackElo "1635"]
[Opening "French: MacCutcheon, advance variation"]
[ECO "C12"]
[NIC "FR.05"]
[Time "20:08:49"]
[TimeControl "180+0"]

1. e4 e6 2. d4 d5 3. Nc3 Nf6 4. Bg5 Bb4 5. e5 h6 6. Bxf6 gxf6 7. exf6 Qxf6
8. Ne2 Bd7 9. Qd3 Nc6 10. O-O-O a6 11. Qg3 O-O-O 12. Na4 Bd6 13. Qe3 Rde8
14. Kb1 e5 15. Qb3 Be6 16. Nc5 Bxc5 17. dxc5 Qxf2 18. g3 Qxc5 19. Bg2 d4 20.
Qf3 Nb4 21. Qxb7+ Kd7 22. Nc3 Rb8 23. Qf3 Bxa2+ 24. Nxa2 Qxc2+ 25. Ka1 Nxa2
26. Qxf7+ Kc8 27. Bh3+ Kb7 {White forfeits on time} 0-1

[Event "ICC Open 2015"]
[Site "Internet Chess Club"]
[Date "2015.05.29"]
[Round "5"]
[White "Nos"]
[Black "Piranha"]
[Result "1-0"]
[ICCResult "Black resigns"]
[WhiteElo "2313"]
[BlackElo "1790"]
[Opening "Réti v Dutch"]
[ECO "A04"]
[NIC "QP.11"]
[Time "20:08:42"]
[TimeControl "180+0"]

1. Nf3 f5 2. g3 Nf6 3. Bg2 g6 4. O-O Bg7 5. d3 O-O 6. c4 d6 7. Nc3 c6 8. Nd2
e5 9. Rb1 a5 10. a3 Na6 11. b4 axb4 12. axb4 Bd7 13. Qb3 Kh8 14. Ba3 Re8 15.
b5 Nc5 16. Bxc5 dxc5 17. bxc6 Bxc6 18. Bxc6 bxc6 19. Qb6 Qd6 20. Nb5 Qe7 21.
Qxc6 e4 22. dxe4 fxe4 23. Nd6 Qe6 24. Qxc5 Red8 25. Rb6 Rab8 26. Rxb8 Rxb8
27. Nb5 Qh3 28. Rd1 Ng4 29. Nf1 Rf8 30. f3 Nxh2 31. Nxh2 Qxg3+ 32. Kh1 exf3
33. exf3 Rxf3 34. Rd8+ Bf8 35. Rxf8+ Kg7 36. Rxf3 {Black resigns} 1-0

[Event "ICC Open 2015"]
[Site "Internet Chess Club"]
[Date "2015.05.29"]
[Round "5"]
[White "Supermodel"]
[Black "smoothg"]
[Result "0-1"]
[ICCResult "White checkmated"]
[WhiteElo "2218"]
[BlackElo "1794"]
[Opening "Modern defense"]
[ECO "A40"]
[NIC "QO.17"]
[Time "20:08:19"]
[TimeControl "180+0"]

1. d4 g6 2. c4 Bg7 3. Nc3 c5 4. d5 d6 5. e4 Nf6 6. Nf3 O-O 7. h3 Nfd7 8. Be2
Na6 9. O-O Nc7 10. Re1 a6 11. a3 Rb8 12. Rb1 b5 13. Qc2 b4 14. axb4 cxb4 15.
Nd1 Nc5 16. b3 a5 17. Bb2 f6 18. Nd4 Bd7 19. Bg4 Ra8 20. Bxd7 Qxd7 21. Nc6
e6 22. Bd4 N7a6 23. Nxa5 e5 24. Be3 f5 25. exf5 gxf5 26. Bg5 e4 27. Nc6 Rae8
28. Qd2 Nd3 29. Rf1 f4 30. f3 h6 31. fxe4 Nac5 32. Bh4 Rxe4 33. Nf2 Bd4 34.
Nxd4 Rxd4 35. Nxd3 Rxd3 36. Qe2 f3 37. Qe7 Rf7 38. Qxd7 Nxd7 39. gxf3 Nc5
40. Bg3 Rf6 41. Kg2 Rg6 42. h4 h5 43. Kh3 Nxb3 44. Bf4 Nd4 45. Rxb4 Nxf3 46.
Rb8+ Kh7 47. Rd8 Rg7 48. Rxd6 Ng1+ 49. Kh2 Rh3# {White checkmated} 0-1

[Event "ICC Open 2015"]
[Site "Internet Chess Club"]
[Date "2015.05.29"]
[Round "5"]
[White "Cramagica"]
[Black "rovov"]
[Result "0-1"]
[ICCResult "White forfeits on time"]
[WhiteElo "1215"]
[BlackElo "1633"]
[Opening "Bird's opening"]
[ECO "A03"]
[NIC "VO.07"]
[Time "20:08:28"]
[TimeControl "180+0"]

1. f4 d5 2. Nf3 c6 3. e3 Nf6 4. b3 Bf5 5. Bb2 e6 6. Nc3 Bd6 7. Ne2 h6 8. Ng3
Bh7 9. Be2 O-O 10. O-O Nbd7 11. Bd3 Bxd3 12. cxd3 c5 13. Rc1 Rc8 14. Rc2 b5
15. Qa1 Qb6 16. Rfc1 Rc7 17. Ne5 Rfc8 18. Nxd7 Rxd7 19. Bxf6 gxf6 20. Qxf6
Bf8 21. Nh5 Rdc7 22. Qh4 c4 23. dxc4 bxc4 24. bxc4 Rxc4 25. Rxc4 Rxc4 26.
Rxc4 dxc4 27. Nf6+ Kh8 28. Qg4 Bg7 29. Ne8 Qb1+ 30. Kf2 Qg6 31. Qxg6 fxg6
32. Nxg7 Kxg7 33. Kf3 Kf6 34. Ke4 g5 35. fxg5+ hxg5 36. Kd4 Kf5 37. Kxc4 Ke4
38. Kc3 g4 39. a4 a5 40. Kc2 e5 {White forfeits on time} 0-1

[Event "ICC Open 2015"]
[Site "Internet Chess Club"]
[Date "2015.05.29"]
[Round "5"]
[White "Chaos23"]
[Black "bythebook"]
[Result "0-1"]
[ICCResult "White checkmated"]
[WhiteElo "2034"]
[BlackElo "1743"]
[Opening "Caro-Kann: Panov-Botvinnik attack"]
[ECO "B13"]
[NIC "CK.03"]
[Time "20:08:58"]
[TimeControl "180+0"]

1. e4 c6 2. d4 d5 3. exd5 cxd5 4. c4 Nf6 5. Nc3 Nc6 6. Bg5 Be6 7. Nf3 g6 8.
Bxf6 exf6 9. c5 Bg7 10. Be2 O-O 11. O-O Re8 12. h3 Rb8 13. Rb1 Bf5 14. Bd3
Be4 15. Re1 f5 16. b4 Nxd4 17. Nxd4 Bxd4 18. Nb5 Be5 19. Nxa7 Ra8 20. Nb5
Rxa2 21. f3 Qg5 22. Re2 Bxd3 23. Rxa2 Bxb1 24. Qxb1 Qg3 25. Kf1 Qh2 26. f4
Bxf4 27. Qc2 Bg3 28. Qe4 Rxe4 29. Nd4 Qh1# {White checkmated} 0-1

[Event "ICC Open 2015"]
[Site "Internet Chess Club"]
[Date "2015.05.29"]
[Round "5"]
[White "lemanofzorn"]
[Black "rookfish"]
[Result "1-0"]
[ICCResult "Black forfeits on time"]
[WhiteElo "1443"]
[BlackElo "1058"]
[Opening "QGD: Chigorin defense"]
[ECO "D07"]
[NIC "QP.08"]
[Time "20:08:21"]
[TimeControl "180+0"]

1. d4 d5 2. c4 Nc6 3. Nc3 Nf6 4. Nf3 Bg4 5. cxd5 Nxd5 6. e3 e5 7. dxe5 Bxf3
8. gxf3 Nxc3 9. Qxd8+ Rxd8 10. bxc3 Nxe5 11. Bg2 Nd3+ 12. Ke2 Bc5 13. Rd1
Nf4+ 14. exf4 Rxd1 15. Kxd1 O-O 16. Be3 Ba3 17. Kc2 b6 18. Kb3 Bd6 19. Rd1
a5 20. c4 Bb4 21. Rd7 c5 22. Rb7 Ra8 23. Rxb6 a4+ 24. Kc2 a3 25. Rb5 h6 26.
Bxc5 Be1 27. Be3 Rc8 28. c5 Rc6 29. Rb6 Rc7 30. f5 Ba5 31. Rb8+ Kh7 32. Kb3
Rd7 33. Kxa3 Rd3+ 34. Ka4 Bc3 35. Rb3 g6 36. fxg6+ fxg6 37. f4 Kg7 38. Be4
Rxe3 39. fxe3 Bd2 40. Kb5 Be1 41. c6 Bh4 42. c7 g5 43. c8=Q gxf4 44. exf4
Kf6 45. Qf5+ Kg7 46. Qg4+ {Black forfeits on time} 1-0

[Event "ICC Open 2015"]
[Site "Internet Chess Club"]
[Date "2015.05.29"]
[Round "5"]
[White "ALexiz"]
[Black "Werewolf"]
[Result "0-1"]
[ICCResult "White forfeits on time"]
[WhiteElo "1807"]
[BlackElo "2239"]
[Opening "Queen's gambit accepted"]
[ECO "D23"]
[NIC "QG.05"]
[Time "20:08:26"]
[TimeControl "180+0"]

1. d4 d5 2. c4 dxc4 3. Nf3 Nf6 4. g3 Nc6 5. Qa4 Bg4 6. Nbd2 Qd7 7. Qxc4 e6
8. Bg2 Bb4 9. O-O Bxd2 10. Bxd2 O-O-O 11. e3 Qd5 12. Qxd5 exd5 13. Ng5 Rhf8
14. h3 Be2 15. Rfe1 Ba6 16. b4 h6 17. Nf3 Ne4 18. Rab1 Bd3 19. Rb2 Bc4 20.
a4 Rfe8 21. Rc1 Kb8 22. Be1 f6 23. b5 Ne7 24. a5 Nd6 25. b6 cxb6 26. axb6 a6
27. Bb4 Nb5 28. Nd2 Rc8 29. Nxc4 dxc4 30. Bc3 Red8 31. Rb4 Nd5 32. Bxd5 Rxd5
33. Be1 c3 34. Rb3 Rd6 35. f3 Rxb6 36. Bf2 Rbc6 37. e4 Rc4 38. d5 c2 39. Kg2
Nd4 40. Bxd4 Rxd4 41. Kf2 Rd1 42. Rxc2 Rxc2+ 43. Ke3 Rdc1
{White forfeits on time}
0-1

[Event "ICC Open 2015"]
[Site "Internet Chess Club"]
[Date "2015.05.29"]
[Round "5"]
[White "CapilanoBridge"]
[Black "VerdeNotte"]
[Result "1-0"]
[ICCResult "Black forfeits on time"]
[WhiteElo "3149"]
[BlackElo "2927"]
[Opening "English opening"]
[ECO "A10"]
[NIC "EO.64"]
[Time "20:08:14"]
[TimeControl "180+0"]

1. c4 g6 2. Nc3 Nf6 3. g3 Bg7 4. Bg2 O-O 5. e4 d6 6. Nge2 c5 7. d4 cxd4 8.
Nxd4 Bg4 9. f3 Bd7 10. Be3 Nc6 11. O-O Rc8 12. b3 Qa5 13. Rc1 Rfe8 14. Nxc6
Bxc6 15. Qd2 Red8 16. Bh3 e6 17. Rc2 Qh5 18. Qg2 Qa5 19. Rfc1 Rb8 20. Qf2 b6
21. Bg2 Rb7 22. h3 Rbd7 23. f4 Rc8 24. Bd4 Ne8 25. Bxg7 Kxg7 26. Ne2 Qc5 27.
Nd4 e5 28. Ne2 Nf6 29. Nc3 exf4 30. gxf4 Re7 31. Qxc5 bxc5 32. Re1 Nh5 33.
Rf2 f5 34. e5 Bxg2 35. Kxg2 dxe5 36. Nd5 Re6 37. fxe5 Kf7 38. Kf3 Rce8 39.
Rfe2 Rd8 40. Re3 g5 41. Nc7 Rg6 42. e6+ Ke7 43. Nd5+ Ke8 44. e7 Rd7 45. Re6
g4+ 46. hxg4 fxg4+ 47. Kf2 Rg5 48. R1e5 g3+ 49. Kg1 Rxd5 50. cxd5 Rxe5 51.
Rxe5 Nf6 52. d6 Kd7 53. e8=Q+ Nxe8 54. Re7+ Kd8 55. Rxa7 Nxd6 56. Rxh7 c4
57. bxc4 Nxc4 58. Rh3 Kc7 59. Rxg3 Kb6 60. Kf1 Kb5 61. Ke1 Kb4 62. Kd1 Na5
63. Kc2 Ka4 64. Kc3 Ka3 65. Rg8 Ka4 66. Rg4+ Kb5 67. a4+ Kb6 68. Rg5 Nc6 69.
Rb5+ Ka6 70. Kc4 Na7 71. Rb1 Nc8 72. Kc5 Na7 73. Kb4 Kb6 74. Ka3+ Ka6 75.
Rh1 Nc6 76. Rh6 Kb7 77. Kb3 Na7 78. a5 Nc6 79. Ka4 Na7 80. a6+ Kc7 81. Kb4
Nc6+ 82. Kc5 Na7 83. Rh7+ {Black forfeits on time} 1-0

[Event "ICC Open 2015"]
[Site "Internet Chess Club"]
[Date "2015.05.29"]
[Round "5"]
[White "nikenwidiartto"]
[Black "littleplotkin"]
[Result "0-1"]
[ICCResult "White forfeits on time"]
[WhiteElo "1840"]
[BlackElo "2362"]
[Opening "Scandinavian (center counter) defense"]
[ECO "B01"]
[NIC "SD.01"]
[Time "20:08:53"]
[TimeControl "180+0"]

1. e4 d5 2. exd5 Qxd5 3. Nc3 Qa5 4. Bc4 Nc6 5. d3 Nf6 6. Bd2 Bg4 7. f3 Bd7
8. Qe2 Qb6 9. O-O-O Nd4 10. Qf1 e5 11. Nge2 Be7 12. Qg1 Bd6 13. Be3 Bc5 14.
Kb1 Nxe2 15. Bxc5 Nxc3+ 16. Ka1 Qa5 17. bxc3 Qxc3+ 18. Kb1 b6 19. Be3 b5 20.
Bb3 a5 21. Bd2 Qc6 22. Qe1 O-O 23. Bxa5 Be6 24. Bc3 Bxb3 25. axb3 Rfe8 26.
Bb2 Nd5 27. Qe4 b4 28. Qc4 Nc3+ 29. Bxc3 Qxc4 30. dxc4 bxc3 31. Rd7 Red8 32.
Rhd1 Rxd7 33. Rxd7 Kf8 34. Rxc7 Rd8 35. Kc1 Rd2 36. c5 Rxg2 37. Kd1 Rd2+ 38.
Kc1 Rxh2 39. Kd1 Rd2+ 40. Kc1 h5 41. c6 h4 42. Rb7 Ke8 43. c7 Kd7 44. b4 h3
{White forfeits on time}
0-1

[Event "ICC Open 2015"]
[Site "Internet Chess Club"]
[Date "2015.05.29"]
[Round "5"]
[White "Youko-Kurama"]
[Black "Theunrock"]
[Result "1-0"]
[ICCResult "Black forfeits on time"]
[WhiteElo "1866"]
[BlackElo "1925"]
[Opening "English: symmetrical, Rubinstein system"]
[ECO "A15"]
[NIC "EO.37"]
[Time "20:08:29"]
[TimeControl "180+0"]

1. c4 Nf6 2. g3 d5 3. cxd5 Nxd5 4. Bg2 c5 5. Nc3 Nc7 6. b3 Nc6 7. Bb2 e5 8.
Nf3 Be7 9. O-O O-O 10. e3 b6 11. d4 exd4 12. exd4 cxd4 13. Ne2 d3 14. Nf4
Ba6 15. Ne5 Nxe5 16. Bxa8 Nxa8 17. Bxe5 d2 18. Qg4 Bf6 19. Bxf6 Qxf6 20.
Rfd1 Re8 21. Nd5 Qe5 22. Ne3 Nc7 23. Qd7 Bb7 24. Qd3 Qh5 25. Nf1 Qh3 26. f3
Ne6 27. Rxd2 Ng5 28. Rf2 {Black forfeits on time} 1-0

[Event "ICC Open 2015"]
[Site "Internet Chess Club"]
[Date "2015.05.29"]
[Round "5"]
[White "MadMad"]
[Black "Svinotigr"]
[Result "1-0"]
[ICCResult "Black forfeits on time"]
[WhiteElo "1314"]
[BlackElo "1616"]
[Opening "Old Indian defense"]
[ECO "A42"]
[NIC "OI.07"]
[Time "20:08:11"]
[TimeControl "180+0"]

1. d4 d6 2. c4 Nd7 3. Nc3 e5 4. d5 g6 5. e4 h5 6. f4 exf4 7. Bxf4 Bg7 8. Nf3
Ngf6 9. Bd3 O-O 10. O-O Qe7 11. Re1 Ng4 12. h3 Nge5 13. Nxe5 Nxe5 14. Bf1 a6
15. Rc1 Bd7 16. a3 Rae8 17. b3 Qh4 18. Qd2 Qe7 19. Bg5 f6 20. Bh6 Kh7 21.
Bxg7 Qxg7 22. Be2 f5 23. exf5 Bxf5 24. Rf1 Qh6 25. Qxh6+ Kxh6 26. Bf3 g5 27.
Rce1 g4 28. hxg4 hxg4 29. Bd1 Kg5 30. Ne4+ Bxe4 31. Rxf8 Rxf8 32. Rxe4 Rf4
33. Re3 Rd4 34. Bc2 Rd2 35. Bh7 Kf4 36. Rc3 g3 37. Kf1 a5 38. a4 Rf2+ 39.
Kg1 Rd2 40. Kf1 Ng4 41. Ke1 Rxg2 42. Bg8 Ne3 43. Bf7 Rc2 44. Rxc2 Nxc2+ 45.
Kd2 g2 46. Bg6 g1=Q 47. Bxc2 Qf2+ 48. Kc1 Ke3 49. Kb2 Qd2 50. Kb1 Kd4 51.
Kb2 Qc3+ 52. Kb1 {Black forfeits on time} 1-0

[Event "ICC Open 2015"]
[Site "Internet Chess Club"]
[Date "2015.05.29"]
[Round "5"]
[White "JrTorres"]
[Black "eddington"]
[Result "0-1"]
[ICCResult "White resigns"]
[WhiteElo "1707"]
[BlackElo "2117"]
[Opening "Queen's pawn game"]
[ECO "D00"]
[NIC "QP.08"]
[Time "20:10:26"]
[TimeControl "180+0"]

1. d4 d5 2. e3 Nf6 3. f4 Bf5 4. Nf3 g6 5. Bd3 Bxd3 6. Qxd3 Bg7 7. Nbd2 O-O
8. O-O c5 9. c3 cxd4 10. exd4 Nc6 11. Ne5 Ne8 12. Qh3 f6 13. Qe6+ Kh8 14.
Nf7+ Rxf7 15. Qxf7 Qd7 16. Re1 Nc7 17. c4 Rf8 18. Qxf8+ Bxf8 19. c5 Nxd4 20.
Rf1 e6 21. Nb3 Nxb3 22. axb3 Bxc5+ 23. Kh1 d4 24. Bd2 d3 25. b4 Bb6 26. Bc3
Kg7 27. Rad1 Nb5 28. Rf3 Nxc3 29. Rfxd3 Nd5 30. g4 Qc6 31. b5 Qxb5 32. g5
Qc6 {White resigns} 0-1

[Event "ICC Open 2015"]
[Site "Internet Chess Club"]
[Date "2015.05.29"]
[Round "5"]
[White "receipt"]
[Black "NietzscheBac"]
[Result "1/2-1/2"]
[ICCResult "Black ran out of time and White has no material to mate"]
[WhiteElo "1088"]
[BlackElo "1592"]
[Opening "King's Indian, 3.Nf3"]
[ECO "E61"]
[NIC "QP.06"]
[Time "20:08:04"]
[TimeControl "180+0"]

1. Nf3 Nf6 2. d4 g6 3. c4 Bg7 4. Nc3 O-O 5. Bf4 d6 6. h3 c5 7. d5 e6 8. dxe6
Bxe6 9. b3 Re8 10. Qc2 Qa5 11. Bd2 Bf5 12. Qc1 Qb6 13. Nd5 Nxd5 14. cxd5
Bxa1 15. Qxa1 Na6 16. Bh6 Qb4+ 17. Kd1 Re5 18. Nxe5 Qd4+ 19. Qxd4 cxd4 20.
g4 Be4 21. f3 Bxd5 22. Nd3 Nc5 23. Bg2 Nxd3 24. exd3 f6 25. Re1 g5 26. f4
Bxg2 27. fxg5 fxg5 28. Bxg5 Bf3+ 29. Kd2 Rc8 30. Re6 d5 31. Rd6 Re8 32. Rd7
Re2+ 33. Kc1 Re1+ 34. Kb2 Re2+ 35. Ka3 Rh2 36. Rxb7 Rxh3 37. Rxa7 Bxg4 38.
Ra5 Bf3 39. Bf6 h5 40. Bxd4 h4 41. Bf6 Rh1 42. Ra8+ Kf7 43. Bd8 h3 44. Ra7+
Ke8 45. Bc7 h2 46. Bg3 d4 47. Rh7 Bg2 48. Rxh2 Rf1 49. Rh3 Rd1 50. Rh4 Rxd3
51. Be5 Rf3 52. Rxd4 Rf2 53. Rd5 Bxd5 54. Bb2 Ke7 55. Kb4 Ke6 56. Kc3 Rxb2
57. Kd4 Bxb3 58. Kc5 Rxa2 59. Kb6
{Black ran out of time and White has no material to mate}
1/2-1/2

[Event "ICC Open 2015"]
[Site "Internet Chess Club"]
[Date "2015.05.29"]
[Round "5"]
[White "jonesey"]
[Black "seriosha"]
[Result "0-1"]
[ICCResult "White forfeits on time"]
[WhiteElo "1941"]
[BlackElo "2148"]
[Opening "English: symmetrical, Botvinnik system"]
[ECO "B20"]
[NIC "EO.30"]
[Time "20:09:00"]
[TimeControl "180+0"]

1. e4 c5 2. c4 Nc6 3. Nc3 g6 4. g3 Bg7 5. Bg2 d6 6. Nge2 e6 7. d3 Nge7 8.
Rb1 O-O 9. O-O a5 10. a3 Rb8 11. Be3 Bd7 12. d4 b6 13. Nb5 Be8 14. dxc5 dxc5
15. Bf4 e5 16. Bg5 Nd4 17. b4 axb4 18. axb4 h6 19. Bxe7 Qxe7 20. Nbxd4 cxd4
21. f4 exf4 22. Nxf4 Qc7 23. Rc1 Bc6 24. Nd5 Qd6 25. c5 bxc5 26. bxc5 Qe5
27. Qf3 Rb2 28. Nf6+ Kh8 29. Ng4 Qg5 30. Qf4 Qxf4 31. gxf4 d3 32. Rfd1 Bd4+
33. Kh1 d2 {White forfeits on time} 0-1

[Event "ICC Open 2015"]
[Site "Internet Chess Club"]
[Date "2015.05.29"]
[Round "5"]
[White "EREBUNI"]
[Black "BlackHorse96"]
[Result "1-0"]
[ICCResult "Black resigns"]
[WhiteElo "3054"]
[BlackElo "3316"]
[Opening "Alekhine's defense: exchange variation"]
[ECO "B02"]
[NIC "AL.08"]
[Time "20:09:04"]
[TimeControl "180+0"]

1. e4 Nf6 2. e5 Nd5 3. c4 Nb6 4. d4 d6 5. exd6 exd6 6. Nc3 Be7 7. Bd3 Nc6 8.
Nge2 O-O 9. O-O Bg4 10. Be3 Re8 11. f3 Bf6 12. Bf2 Bh5 13. b3 Qd7 14. Nf4
Bg6 15. Nxg6 hxg6 16. Be4 a5 17. Qd2 a4 18. Rfe1 Na5 19. Bc2 axb3 20. axb3
Nc6 21. Ne4 Rxa1 22. Rxa1 d5 23. Nxf6+ gxf6 24. c5 Nc8 25. b4 N8e7 26. b5
Nd8 27. Bd3 Ne6 28. Qh6 Ng7 29. Qf4 Nh5 30. Qd2 c6 31. bxc6 bxc6 32. g4 Ng7
33. Bg3 Ne6 34. Ra4 Ng5 35. Kg2 Kg7 36. h4 Ne6 37. Qc1 Qb7 38. Qa3 g5 39.
Ra7 Qc8 40. h5 Ng8 41. Qa4 Nf4+ 42. Bxf4 gxf4 43. Qc2 Nh6 44. Ba6 Qe6 45.
Qg6+ Kf8 46. Qxh6+ Kg8 47. Bd3 f5 48. Qg5+ Kf8 49. h6 Qg6 50. Qxg6 fxg6 51.
h7 {Black resigns} 1-0

[Event "ICC Open 2015"]
[Site "Internet Chess Club"]
[Date "2015.05.29"]
[Round "5"]
[White "iamGodskid"]
[Black "paulohaddad"]
[Result "0-1"]
[ICCResult "White forfeits on time"]
[WhiteElo "1439"]
[BlackElo "1805"]
[Opening "Mieses opening"]
[ECO "A00"]
[NIC "VO.13"]
[Time "20:08:11"]
[TimeControl "180+0"]

1. d3 d5 2. g3 e5 3. Bg2 Nf6 4. Nf3 Bd6 5. Bg5 c6 6. Nc3 h6 7. Bxf6 Qxf6 8.
O-O O-O 9. Qd2 Bg4 10. h3 Bh5 11. Nh2 Qg5 12. Qxg5 hxg5 13. e4 d4 14. Nd1
Nd7 15. Ng4 Nf6 16. Nxf6+ gxf6 17. g4 Bg6 18. f3 Kg7 19. Kh2 c5 20. Kg3 b5
21. h4 gxh4+ 22. Kxh4 Rh8+ 23. Kg3 Rh7 24. Nf2 c4 25. Nh3 Rc8 26. Rh1 cxd3
27. cxd3 Rc2 28. Rac1 Rxb2 29. Rc6 Bb4 30. Ra6 Bd2 31. Kh2 Bf4+ 32. Kg1 Rb1+
33. Kf2 Be3+ 34. Kg3 Rb2 35. Rxa7 b4 36. g5 f5 37. exf5 Bxf5 38. Ra6 Bxh3
39. Bxh3 Bf2+ 40. Kg4 Rh4+ 41. Kf5 Be3 42. Kxe5 Bxg5 43. Bf5 Rxh1
{White forfeits on time}
0-1

[Event "ICC Open 2015"]
[Site "Internet Chess Club"]
[Date "2015.05.29"]
[Round "5"]
[White "pvchandu"]
[Black "HPG1947"]
[Result "0-1"]
[ICCResult "White forfeits on time"]
[WhiteElo "1435"]
[BlackElo "1758"]
[Opening "Paleface attack"]
[ECO "A45"]
[NIC "QP.07"]
[Time "20:08:34"]
[TimeControl "180+0"]

1. d4 Nf6 2. f3 d5 3. c4 c6 4. Nc3 dxc4 5. e4 b5 6. e5 Nd5 7. Be2 Nxc3 8.
bxc3 e6 9. Nh3 Be7 10. O-O O-O 11. Qc2 c5 12. a4 cxd4 13. axb5 d3 14. Bxd3
Qxd3 15. Qf2 Nd7 16. Kh1 Nxe5 17. Nf4 Qd8 18. Qg3 Bh4 19. Qh3 Nd3 20. Nxd3
e5 21. g4 cxd3 22. Bd2 Bg5 23. Rad1 h6 24. Bxg5 hxg5 25. Qg3 Qd5 26. Rfe1
Bb7 27. Rxe5 Qxf3+ 28. Qxf3 Bxf3+ 29. Kg1 Bxd1 30. Rd5 Bc2
{White forfeits on time}
0-1

[Event "ICC Open 2015"]
[Site "Internet Chess Club"]
[Date "2015.05.29"]
[Round "5"]
[White "burbur"]
[Black "chessrex"]
[Result "1-0"]
[ICCResult "Black forfeits on time"]
[WhiteElo "2564"]
[BlackElo "2133"]
[Opening "Queen's pawn: Charlick (Englund) gambit"]
[ECO "A40"]
[NIC "QO.17"]
[Time "20:08:38"]
[TimeControl "180+0"]

1. d4 e5 2. Nf3 f6 3. dxe5 Nc6 4. exf6 Nxf6 5. e3 d5 6. Be2 Bd6 7. O-O O-O
8. Nd4 a6 9. Nd2 Qe8 10. Nxc6 bxc6 11. Nb3 a5 12. Nd4 Bd7 13. c4 c5 14. Nc2
c6 15. Bf3 Qe5 16. g3 Bh3 17. Bg2 Bxg2 18. Kxg2 Qe4+ 19. f3 Qxc4 20. Na3 Qa6
21. b3 Be5 22. Rb1 Rae8 23. Nc2 d4 24. e4 d3 25. Na3 Bd4 26. Nc4 a4 27. Qxd3
axb3 28. axb3 Qa2+ 29. Bd2 Rb8 30. Rfc1 Rb5 31. Qc2 Qa6 32. Nd6 Kh8 33. Nxb5
cxb5 34. Qd3 Qe6 35. Rc2 Nd7 36. Qxb5 Ne5 37. Rf1 Qf7 38. f4 Ng4 39. h3 Nf6
40. Qe2 Re8 41. e5 Nd5 42. Qf3 Qf5 43. Ra2 Nb4 44. Bxb4 cxb4 45. Rd2 Bc3 46.
Rd5 Qc2+ 47. Rf2 Qxb3 48. Rb5 Qc4 49. Rb7 b3 50. Re2 {Black forfeits on
time} 1-0

[Event "ICC Open 2015"]
[Site "Internet Chess Club"]
[Date "2015.05.29"]
[Round "5"]
[White "Ashtanga"]
[Black "LooneyBinJim"]
[Result "1-0"]
[ICCResult "Black forfeits on time"]
[WhiteElo "1605"]
[BlackElo "1698"]
[Opening "QGD semi-Slav: 5.e3"]
[ECO "D45"]
[NIC "SL.08"]
[Time "20:08:21"]
[TimeControl "180+0"]

1. d4 d5 2. c4 c6 3. Nc3 Nf6 4. e3 e6 5. Nf3 Bd6 6. Qc2 O-O 7. Bd3 h6 8. O-O
Nbd7 9. b3 a6 10. Bb2 b5 11. e4 dxe4 12. Nxe4 Nxe4 13. Bxe4 Bb7 14. a4 Rb8
15. c5 Bc7 16. axb5 axb5 17. Ra7 Nf6 18. Bd3 Re8 19. Re1 Bc8 20. Ne5 Nd5 21.
Bh7+ Kf8 22. Nxc6 Qh4 23. g3 Qf6 24. Nxb8 Bxb8 25. Raa1 g6 26. Bc1 Kg7 27.
Bxg6 fxg6 28. c6 Re7 29. Bd2 Rf7 30. f4 Kh7 31. Qd3 Ba7 32. Kh1 Bxd4 33. Ra8
Nb6 34. Rb8 Rc7 35. Rc1 e5 36. Be3 Bxe3 37. Qxe3 Nd5 38. Qxe5 Qf7 39. Rd1
Nf6 40. Rd6 Ng4 41. Qd5 Qxd5+ 42. Rxd5 Rxc6 43. Rd8 Be6 44. Rb7+
{Black forfeits on time}
1-0

[Event "ICC Open 2015"]
[Site "Internet Chess Club"]
[Date "2015.05.29"]
[Round "5"]
[White "Skyrmion"]
[Black "Permanent"]
[Result "1/2-1/2"]
[ICCResult "Game drawn by repetition"]
[WhiteElo "1720"]
[BlackElo "2089"]
[Opening "Sicilian: closed"]
[ECO "B23"]
[NIC "SI.44"]
[Time "20:09:16"]
[TimeControl "180+0"]

1. e4 c5 2. Nc3 d6 3. f4 Nf6 4. Nf3 Nc6 5. Bb5 Bd7 6. d3 a6 7. Bc4 e6 8. O-O
Be7 9. Qe2 Qc7 10. Bd2 b5 11. Bb3 Nd4 12. Qf2 Nxb3 13. cxb3 O-O 14. Rae1
Rac8 15. Rc1 Qb7 16. h3 Bc6 17. g4 d5 18. e5 Nd7 19. Ne2 d4 20. Ng3 Rfd8 21.
Rce1 Bxf3 22. Qxf3 Qxf3 23. Rxf3 Nb6 24. Ne4 c4 25. bxc4 bxc4 26. Ba5 Rb8
27. dxc4 Rdc8 28. Bxb6 Rxb6 29. b3 a5 30. Rd3 a4 31. Rxd4 axb3 32. axb3 Rxb3
33. Nd6 Ra8 34. c5 Ra2 35. Rc4 Rxh3 36. c6 Rg3+ 37. Kf1 Rf3+ 38. Kg1 Rg3+
39. Kf1 Rgg2 40. Ne4 Rh2 41. Kg1 Rhc2 42. Rc1 Rg2+ 43. Kf1 Rh2 44. Kg1 Rhg2+
45. Kf1 Rh2 46. Kg1 Rag2+ 47. Kf1 Ra2 48. Kg1 Rhg2+ 49. Kf1 Rh2 50. Kg1
Rhg2+ 51. Kf1 Rh2 52. Kg1 Rhg2+ 53. Kf1 Rh2 54. Kg1 Rhg2+ 55. Kf1 Rh2 56.
Kg1 Rhg2+ {Game drawn by repetition} 1/2-1/2

[Event "ICC Open 2015"]
[Site "Internet Chess Club"]
[Date "2015.05.29"]
[Round "5"]
[White "HuevosDeLeon"]
[Black "ShadowLike"]
[Result "1-0"]
[ICCResult "Black checkmated"]
[WhiteElo "2677"]
[BlackElo "2302"]
[Opening "Queen's pawn game"]
[ECO "A46"]
[NIC "QP.06"]
[Time "20:09:32"]
[TimeControl "180+0"]

1. d4 Nf6 2. Nf3 d6 3. Bf4 Nbd7 4. e3 g6 5. h3 Bg7 6. Be2 O-O 7. O-O Re8 8.
Bh2 c6 9. c4 Qb6 10. Qb3 Ne4 11. Nc3 Nxc3 12. bxc3 Qxb3 13. axb3 a6 14. b4
e5 15. c5 e4 16. Nd2 d5 17. b5 Nxc5 18. dxc5 Bxc3 19. Nb3 Bxa1 20. Rxa1 Bd7
21. b6 f6 22. Na5 Rab8 23. Bxb8 Rxb8 24. Kf1 Kg7 25. Ke1 h5 26. Kd2 f5 27.
g3 Kf6 28. Kc3 Ke5 29. Nb3 Rh8 30. h4 Bc8 31. Nd4 Rd8 32. Bxa6 bxa6 33.
Nxc6+ Kf6 34. Nxd8 Ke7 35. Nc6+ Kd7 36. Nb4 Bb7 37. Nxa6 Kc6 38. Kd4 Bc8 39.
Ra5 g5 40. Nb4+ Kb7 41. Ra7+ Kb8 42. Nc6# {Black checkmated} 1-0

[Event "ICC Open 2015"]
[Site "Internet Chess Club"]
[Date "2015.05.29"]
[Round "5"]
[White "EndgamesMaster"]
[Black "Muad-dib"]
[Result "1-0"]
[ICCResult "Black forfeits on time"]
[WhiteElo "1749"]
[BlackElo "2101"]
[Opening "Sicilian: Alapin's variation (2.c3)"]
[ECO "B22"]
[NIC "SI.46"]
[Time "20:08:49"]
[TimeControl "180+0"]

1. e4 c5 2. c3 d5 3. exd5 Qxd5 4. d4 Bf5 5. Nf3 Nd7 6. Be2 a6 7. O-O e6 8.
Be3 Ngf6 9. Nbd2 Qc6 10. Nc4 b5 11. Nce5 Nxe5 12. Nxe5 Qc7 13. Bf3 Rd8 14.
Bc6+ Nd7 15. Bxd7+ Rxd7 16. Nxd7 Qxd7 17. dxc5 Qc7 18. b4 Be7 19. a4 O-O 20.
axb5 axb5 21. Ra5 Rd8 22. Qe2 Bd3 23. Qe1 Bxf1 24. Qxf1 Bf6 25. Rxb5 Bxc3
26. g3 Ra8 27. Qd3 Ra1+ 28. Kg2 Qc6+ 29. Kh3 Ra8 30. Rb6 Qf3 31. Qxc3 Qh5+
32. Kg2 Qd5+ 33. f3 Ra2+ 34. Bf2 h6 35. Qe3 Rb2 36. Qe4 Qd2 37. Rb8+
{Black forfeits on time}
1-0